 Dungeon Crawl Stone Soup version 0.26.1-11-gd32895ea62 (webtiles) character file.

Game seed: 5406241337857535125

103 H0rd4k the Insei (level 4, 0/28 HPs)
             Began as an Octopode Transmuter on May 25, 2021.
             Slain by a gnoll
             ... wielding a +0 spear
              (6 damage)
             ... on level 3 of the Dungeon on May 26, 2021.
             The game lasted 00:02:12 (3119 turns).

H0rd4k the Insei (Octopode Transmuter)              Turns: 3119, Time: 00:02:13

Health: 0/28       AC:  1    Str:  9    XL:     4   Next: 79%
Magic:  7/7        EV: 13    Int: 16    God:
Gold:   61         SH:  0    Dex: 12    Spells: 3/7 levels left

rFire    . . .     SeeInvis .     - Unarmed
rCold    . . .     Faith    .   (no shield)
rNeg     . . .     Spirit   .   (helmet restricted)
rPois    .         Reflect  .   (no amulet)
rElec    .         Harm     .   (no ring)
rCorr    .         Rampage  .   (no ring)
Will     .....                  (no ring)
Stlth    ++........             (no ring)
HPRegen  0.09/turn              (no ring)
MPRegen  0.10/turn              (no ring)
                                (no ring)
                                (no ring)

@: no status effects
A: almost no armour, stealthy swim, amphibious, 8 rings, constrict 8, camouflage
1, gelatinous body 1
a: no special abilities


You were on level 3 of the Dungeon.
You visited 1 branch of the dungeon, and saw 3 of its levels.

You collected 61 gold pieces.

Inventory:

Missiles
 d - 21 poisoned darts (quivered)
Scrolls
 a - 4 scrolls of identify {unknown}
 b - a scroll of remove curse {unknown}
 c - a scroll of fear {unknown}


   Skills:
 + Level 1.3 Fighting
 + Level 2.5 Dodging
 + Level 4.2 Unarmed Combat
 * Level 2.4 Spellcasting
 * Level 2.2 Transmutations
 * Level 1.5 Poison Magic


You had 3 spell levels left.
You knew the following spells:

 Your Spells              Type           Power        Failure   Level
a - Beastly Appendage     Tmut           18%          8%          1
b - Spider Form           Tmut/Pois      4%           26%         3

Your spell library contained the following spells:

 Spells                   Type           Power        Failure   Level
 Wereblood                Tmut           9%           12%         2
 Ice Form                 Ice/Tmut       5%           77%         4
 Blade Hands              Tmut           4%           91%         5


Dungeon Overview and Level Annotations

Branches:
Dungeon (3/15)

Altars:
Trog


Innate Abilities, Weirdness & Mutations

You cannot wear most types of armour.
You are very stealthy in the water. (Stealth+)
You are amphibious.
You can wear up to eight rings at the same time.
You can use your tentacles to constrict eight enemies at once.
Your skin changes colour to match your surroundings (Stealth+).
Your rubbery body absorbs attacks. (AC +1, EV +1)


Message History

You kill the jackal!
Things that are here:
a cursed +0 club; a gnoll corpse The gnoll barely misses you.
You see here a jackal corpse.
You barely miss the gnoll. Your grab misses the gnoll. The gnoll misses you.
You barely miss the gnoll. Your grab misses the gnoll.
The gnoll hits you with a +0 spear! The rat misses you.
You tentacle-slap the gnoll. Your grab misses the gnoll.
The gnoll is moderately wounded.
The gnoll hits you with a +0 spear. The rat bites you.
* * * LOW HITPOINT WARNING * * *
You are too injured to fight recklessly!
You tentacle-slap the gnoll. Your grab misses the gnoll.
The gnoll is heavily wounded.
The gnoll hits you with a +0 spear.
* * * LOW HITPOINT WARNING * * *
The rat misses you.
The gnoll hits you from afar with a +0 spear.
You die...

................#
....≈≈≈≈≈≈≈≈≈≈≈≈##
..$.≈≈≈≈≈≈≈≈≈≈≈≈≈≈
....≈≈≈≈≈≈≈≈≈≈≈≈≈
.................
......>.....##########
..#.g......#........
#.r†###..#.#######
#...@.#..#.......#
#..##.#..#.......# #..
#.#.....<#####
##..#<...#.###
#.......##.#
###.#.#....#
.....###### ###....
......


You could see a gnoll and a rat.

Vanquished Creatures
  A gnoll (D:3)
  An adder (D:2)
  2 oozes
  3 worms (D:2)
  2 dart slugs
  4 bats
  4 giant cockroaches
  10 goblins
  8 hobgoblins
  7 jackals
  2 frilled lizards (D:1)
  13 kobolds
  3 rats (D:1)
60 creatures vanquished.

Notes
Turn   | Place    | Note
-------+----------+-------------------------------------------
     0 | D:1      | H0rd4k the Octopode Transmuter began the quest for the Orb.
     0 | D:1      | Reached XP level 1. HP: 13/13 MP: 3/3
   520 | D:1      | Reached XP level 2. HP: 18/18 MP: 5/5
  1110 | D:1      | Reached XP level 3. HP: 23/23 MP: 6/6
  1138 | D:1      | Learned a level 3 spell: Spider Form
  1905 | D:2      | Reached skill level 1 in Poison Magic
  2222 | D:2      | Reached XP level 4. HP: 25/28 MP: 7/7
  2266 | D:2      | Reached skill level 4 in Unarmed Combat
  2402 | D:2      | Found a faded altar of an unknown god.
  2609 | D:2      | Found a bloodstained altar of Trog.
  3119 | D:3      | Slain by a gnoll

Illustrated notes

Levels and vault maps discovered:
D:1:      dpeg_arrival_morbid_curiosity, layout_rooms
D:2:      layout_loops_cross, chequers_ecumenical_altar_simple_redux,
          minmay_hexomino_r4
D:3:      lemuel_castle_with_subvaults [lemuel_castle_interior_original],
          layout_basic, hangedman_decor_opposing,
          nicolae_ru_great_annihilating_truth

Skill      XL: |  1  2  3  4 |
---------------+-------------+-----
Poison Magic   | 1 |  1.5
Unarmed Combat | 4 |  4.2
Fighting       | |  1.3
Dodging        | |  2.5
Spellcasting   | |  2.4
Transmutations | |  2.2

Action                   |  1- 3 |  4- 6 || total
-------------------------+-------+-------++-------
Melee: Unarmed           |   107 |    51 ||   158
       Constrict         |    30 |    10 ||    40
       Tentacles         |    11 |     5 ||    16
       Punch             |     2 |     1 ||     3
 Stab: Sleeping          |       |     2 ||     2
Armor: Skin              |    13 |     3 ||    16
Dodge: Dodged            |    75 |    17 ||    92
